 Dungeon Crawl Stone Soup version 0.22.0-25-g7663229 (webtiles) character file.

319 sking99 the Sneak (level 6, -1/35 HPs)
             Began as a Kobold Assassin on Aug 20, 2018.
             Slain by a crimson imp
             ... wielding a +2 dagger of chaos
              (3 damage)
             ... on level 3 of the Dungeon.
             The game lasted 00:10:12 (3821 turns).

sking99 the Sneak (Kobold Assassin)                 Turns: 3821, Time: 00:10:13

Health: -1/35      AC:  3    Str: 10    XL:     6   Next: 74%
Magic:  6/6        EV: 17    Int: 13    God:
Gold:   166        SH:  0    Dex: 16    Spells: 5/5 levels left

rFire    . . .     SeeInvis .   a - +2 dagger
rCold    . . .     Gourm    .   (shield restricted)
rNeg     . . .     Faith    .   c - +0 robe
rPois    .         Spirit   .   (no helmet)
rElec    .         Reflect  .   d - +0 cloak
rCorr    .         Harm     .   (no gloves)
MR       .....                  (no boots)
Stlth    ++++......             (no amulet)
HPRegen  0.11/turn              (no ring)
MPRegen  0.10/turn              (no ring)

@: no status effects
A: small, carnivore
a: no special abilities


You were on level 3 of the Dungeon.
You were completely stuffed.

You visited 1 branch of the dungeon, and saw 3 of its levels.
You also visited: Sewer.

You collected 166 gold pieces.

Inventory:

Hand Weapons
 a - a +2 dagger (weapon)
 b - a +0 blowgun
Missiles
 e - 23 poisoned needles
 f - 2 curare-tipped needles
 i - 12 needles of confusion (quivered)
Armour
 c - a +0 robe (worn)
 d - a +0 cloak (worn)
Jewellery
 j - a +2 ring of intelligence {unknown}
Scrolls
 m - 3 scrolls of identify {unknown}
 n - 4 scrolls of remove curse
 p - 3 scrolls of teleportation {unknown}
 s - a scroll of fear {unknown}
Potions
 h - 2 potions of haste {unknown}
 k - a potion of might {unknown}
 l - 3 potions of curing {unknown}
 o - a potion of cancellation {unknown}
 q - 4 potions of heal wounds {unknown}
 t - a potion of magic {unknown}
Comestibles
 g - 7 rations
 r - a chunk of flesh


   Skills:
 - Level 2.2 Fighting
 + Level 4.9 Short Blades
 + Level 4.0 Throwing
 + Level 3.9 Dodging
 + Level 6.9 Stealth


You had 5 spell levels left.
You didn't know any spells.
Your spell library was empty.

Dungeon Overview and Level Annotations

Branches:
Dungeon (3/15)

Altars:
Kikubaaqudgha
Xom


Innate Abilities, Weirdness & Mutations

You are small and have problems with some larger weapons.
You are carnivorous and can eat meat at any time.


Message History

The crimson imp blinks!
You hit the crimson imp.
The crimson imp is lightly wounded.
The crimson imp misses you. The crimson imp hits you.
* * * LOW HITPOINT WARNING * * *
The crimson imp hits you but does no damage.
You barely miss the crimson imp. The crimson imp barely misses you.
The crimson imp blinks!
The crimson imp hits you.
* * * LOW HITPOINT WARNING * * *
The crimson imp hits you with a dagger of chaos.
* * * LOW HITPOINT WARNING * * *
The crimson imp closely misses you. The crimson imp misses you.
The crimson imp blinks!
The crimson imp hits you but does no damage.
Space bends around you.
* * * LOW HITPOINT WARNING * * *
The crimson imp blinks!
The crimson imp hits you with a dagger of chaos.
You die...

.##.#####.#####.## #.#
.##.........##.#.## #.#
.##.#####.#..[###.# #.#
.##.# ##.####.#.####
#.# .##.#
#............# #.##
.##.# ##.####......#
#.## .##.# ### ##.5...#
#.## ....# #####5§...#
#####.## .##.#
#.5...@§..######.....##
.#
#.#####................
#.# #.########.######
#5# #.########.#
####5#####..........#
#...5...##..#########
###._.####..# #......
#...# ####'#####.##


You could see 3 crimson imps.

Vanquished Creatures
  Purgy (Sewer)
  A crimson imp (D:3)
  An orc priest (D:3)
  7 adders
  A river rat (D:3)
  An ooze (D:1)
  4 worms (D:3)
  A dart slug (D:1)
  3 orcs (D:3)
  8 ball pythons
  4 bats
  3 giant cockroaches (D:3)
  2 goblins
  7 hobgoblins
  6 jackals
  5 frilled lizards
  10 kobolds
  5 rats
  2 rat zombies (D:2)
72 creatures vanquished.

Notes
Turn   | Place    | Note
-------+----------+-------------------------------------------
     0 | D:1      | sking99 the Kobold Assassin began the quest for the Orb.
     0 | D:1      | Reached XP level 1. HP: 12/12 MP: 1/1
     5 | D:1      | Noticed an electric eel
     5 | D:1      | Noticed an electric eel
   243 | D:1      | Reached XP level 2. HP: 17/17 MP: 2/2
   409 | D:1      | Reached XP level 3. HP: 13/21 MP: 3/3
  1778 | D:2      | Reached XP level 4. HP: 26/26 MP: 4/4
  1914 | D:2      | Found an ancient bone altar of Kikubaaqudgha.
  2376 | D:3      | Reached skill level 6 in Stealth
  2415 | D:3      | Reached XP level 5. HP: 11/30 MP: 5/5
  2494 | D:3      | Found a shimmering altar of Xom.
  2652 | D:3      | Found a glowing drain.
  2888 | Sewer    | Entered a sewer
  2947 | Sewer    | Noticed Purgy
  2952 | Sewer    | Killed Purgy
  2952 | Sewer    | Reached XP level 6. HP: 35/35 MP: 6/6
  3821 | D:3      | Slain by a crimson imp

Skill      XL: |  1  2  3  4  5  6 |
---------------+-------------------+-----
Short Blades   | 3 4 |  4.9
Dodging        | 2 3 |  3.9
Throwing       | 3 4 |  4.0
Stealth        | 6 |  6.9
Fighting       | |  2.2

Action                   |  1- 3 |  4- 6 || total
-------------------------+-------+-------++-------
Melee: Dagger            |   124 |   201 ||   325
 Fire: Blowgun           |       |    20 ||    20
  Use: Scroll            |       |     1 ||     1
 Stab: Sleeping          |     9 |    15 ||    24
       Distracted        |       |     1 ||     1
  Eat: Chunk             |    11 |     7 ||    18
Armor: Robe              |    13 |    12 ||    25
Dodge: Dodged            |    83 |   108 ||   191
